Pittsburgh Penguins vs Nashville Predators
(R1)
Created - Tuesday, May 13, 2025 at 09:05
Goals
|
| Pittsburgh Penguins |
2 |
1 |
1 |
1 |
5 |
| Nashville Predators |
2 |
2 |
0 |
0 |
4 |
|
Shots
|
| Pittsburgh Penguins |
12 |
8 |
12 |
1 |
33 |
| Nashville Predators |
11 |
11 |
9 |
3 |
34 |
|
1st period
1. Pittsburgh Penguins , Leon Draisaitl 27 (Pavel Buchnevich 31, Sam Reinhart 36) at 2:36 (PP)
2. Nashville Predators , Thomas Novak 16 (James van Riemsdyk 15, Anthony Duclair 34) at 9:31
3. Pittsburgh Penguins , Mitchell Marner 32 (Phillip Danault 32) at 11:01 (PP)
4. Nashville Predators , Pius Suter 14 (Rasmus Andersson 14) at 18:01
Penalties :
Ryan Hartman (NSH) for Slashing (Minor) at 1:42, Erik Karlsson (PIT) for Tripping (Minor) at 4:38, Artem Zub (NSH) for Cross-checking (Minor) at 10:22, Leon Draisaitl (PIT) for Tripping (Minor) at 12:09, Blake Coleman (PIT) for Kneeing (Minor) at 15:00
2nd period
5. Nashville Predators , Christian Dvorak 8 (Thomas Novak 22, Brandon Montour 27) at 3:22
6. Pittsburgh Penguins , Sam Reinhart 35 (Leon Draisaitl 58, Pavel Buchnevich 32) at 8:34 (PP)
7. Nashville Predators , James van Riemsdyk 13 (Anthony Duclair 35) at 15:24
Penalties :
Mitchell Marner (PIT) for Slashing (Minor) at 1:07, Dante Fabbro (NSH) for Hooking (Minor) at 8:16, Travis Sanheim (PIT) for Tripping (Minor) at 11:43
3rd period
8. Pittsburgh Penguins , Leon Draisaitl 28 (Sam Reinhart 37, Pavel Buchnevich 33) at 4:23 (PP)
Penalties :
Dante Fabbro (NSH) for High sticking (Minor) at 2:39, Ryan Hartman (NSH) for Hooking (Minor) at 11:45, Blake Coleman (PIT) for Tripping (Minor) at 13:38
Overtime #1
9. Pittsburgh Penguins , Pavel Buchnevich 26 (Mitchell Marner 57, Erik Gudbranson 14) at 0:59
Penalties :
No Penalty
Goalie Stats
Jordan Binnington (PIT), 30 saves from 34 shots - (0.882), W, 29-26-5, 60:59 minutes
Anthony Stolarz (NSH), 28 saves from 33 shots - (0.848), OTL, 5-4-2, 60:59 minutes
Players Stats for Pittsburgh Penguins
Player Name G A P +/- PIM S H SB GA TA FO MP PP MP PK MP
------------------------------------------------------------------------------------
Adam Gaudette 0 0 0 -1 0 1 1 0 1 0 3/8 12:46 0:00 1:52
Blake Coleman 0 0 0 -2 4 2 2 0 0 0 1/1 16:13 2:40 0:30
Brian Dumoulin 0 0 0 -1 0 0 0 1 0 0 0/0 13:45 0:00 0:00
Carson Soucy 0 0 0 -1 0 0 2 2 0 0 0/0 20:45 0:00 6:06
Erik Gudbranson 0 1 1 0 0 0 1 0 0 1 0/0 24:02 2:46 6:13
Erik Karlsson 0 0 0 -1 2 0 0 0 1 1 0/0 22:45 2:42 4:44
Gabriel Vilardi 0 0 0 -1 0 2 1 0 0 0 1/5 6:49 0:00 0:00
Jean-Gabriel Pageau 0 0 0 -1 0 0 1 0 0 0 0/0 7:03 0:00 0:14
Jordan Eberle 0 0 0 0 0 0 1 0 1 0 0/0 10:33 0:00 0:00
Leon Draisaitl 2 1 3 -1 2 4 1 0 1 1 16/29 20:39 2:47 4:51
Mattias Ekholm 0 0 0 -1 0 0 2 0 1 0 0/0 23:58 2:42 5:57
Mitchell Marner 1 1 2 -1 2 5 1 0 1 0 3/10 20:46 2:41 4:47
Pavel Buchnevich 1 3 4 0 0 5 0 0 0 0 1/3 21:28 2:47 5:57
Phillip Danault 0 1 1 -1 0 3 2 0 1 0 9/12 15:16 2:41 0:00
Ryan O'Reilly 0 0 0 -1 0 3 2 0 0 0 0/0 6:49 0:00 0:00
Sam Reinhart 1 2 3 -1 0 3 4 0 3 0 0/0 21:01 2:47 5:25
Tage Thompson 0 0 0 0 0 5 2 0 0 0 0/0 10:33 0:00 0:00
Travis Sanheim 0 0 0 -2 2 0 1 1 0 1 0/0 16:45 2:46 0:36
Players Stats for Nashville Predators
Player Name G A P +/- PIM S H SB GA TA FO MP PP MP PK MP
------------------------------------------------------------------------------------
Alexander Wennberg 0 0 0 0 0 3 2 3 1 1 6/10 24:43 5:45 3:37
Anthony Duclair 0 2 2 2 0 1 0 1 0 0 0/0 14:41 5:45 0:00
Artem Zub 0 0 0 0 2 0 0 1 1 2 0/0 26:48 6:03 3:34
Ben Chiarot 0 0 0 2 0 0 1 0 0 0 0/0 12:34 0:00 0:50
Brandon Montour 0 1 1 2 0 3 1 1 0 0 0/0 22:57 5:45 0:00
Christian Dvorak 1 0 1 1 0 2 0 0 0 1 8/18 14:18 0:11 0:21
Dante Fabbro 0 0 0 0 4 0 1 3 0 1 0/0 21:35 6:03 1:04
Dmitri Voronkov 0 0 0 0 0 0 0 0 0 0 3/3 12:41 5:39 0:36
Jake Neighbours 0 0 0 1 0 4 1 0 1 0 0/2 18:07 5:45 0:06
James van Riemsdyk 1 1 2 2 0 1 1 1 0 0 0/0 8:47 0:00 0:54
Kailer Yamamoto 0 0 0 0 0 0 0 0 0 0 0/0 6:36 0:00 0:00
Kirby Dach 0 0 0 1 0 1 0 0 1 0 0/0 7:23 0:08 0:00
Pius Suter 1 0 1 0 0 5 1 0 0 1 1/2 20:59 5:55 1:44
Rasmus Andersson 0 1 1 1 0 0 4 1 0 0 0/0 18:45 5:35 1:19
Ryan Hartman 0 0 0 0 4 4 0 0 0 2 0/1 14:51 0:10 0:00
Sidney Crosby 0 0 0 0 0 9 2 2 0 1 13/27 24:49 5:52 3:38
Simon Benoit 0 0 0 1 0 0 1 1 0 1 0/0 19:16 0:10 4:09
Thomas Novak 1 1 2 3 0 1 0 0 0 0 3/5 8:27 0:14 0:00
3 Stars
1 - Pavel Buchnevich (PIT)
2 - Sam Reinhart (PIT)
3 - Thomas Novak (NSH)
Power Play
Pittsburgh Penguins - 4 on 5 Attempt(s) - 80.00%
Nashville Predators - 0 on 6 Attempt(s) - 0.00%
Penalty Kill
Pittsburgh Penguins - 6 on 6 Attempt(s) - 100.00%
- Score 0 goal in Penalty Kill
Nashville Predators - 1 on 5 Attempt(s) - 20.00%
- Score 0 goal in Penalty Kill
Team Stat
Pittsburgh Penguins - Hits : 24 - Faceoff Wins : 34 - Blocked Shots : 4 - Penalty Minutes : 12
Nashville Predators - Hits : 15 - Faceoff Wins : 34 - Blocked Shots : 14 - Penalty Minutes : 10
Official
Referees : Chris Schlenker and Michael Markovic
Linesman : Mark Shewchyk and Ryan Galloway
Game Notes
No Game Note
Finance
Level 1 -- Attendance: 4684 (78.07%) -- Ticket Income $468,400
Level 2 -- Attendance: 3874 (77.48%) -- Ticket Income $232,440
Level 3 -- Attendance: 2498 (83.27%) -- Ticket Income $87,430
Level 4 -- Attendance: 3968 (79.36%) -- Ticket Income $99,200
Luxury Box -- Attendance: 785 (78.50%) -- Ticket Income $157,000
Game was played at the Bridgestone Arena.
Total Attendance: 15809 (79.05%)
Total Ticket Income: $1,044,470
Other Income: $365,564
Total Income: $1,410,034
Pittsburgh Penguins
5 vs 5 Forward
Center Left Wing Right Wing Time % Phy DF OF
1 Leon Draisaitl Pavel Buchnevich Sam Reinhart 30 1 2 2
2 Phillip Danault Blake Coleman Mitchell Marner 30 1 2 2
3 Adam Gaudette Tage Thompson Jordan Eberle 25 1 2 2
4 Gabriel Vilardi Jean-Gabriel Pageau Ryan O'Reilly 15 1 2 2
5 vs 5 Defense
Defense Defense Time % Phy DF OF
1 Mattias Ekholm Erik Karlsson 35 1 2 2
2 Erik Gudbranson Carson Soucy 35 1 2 2
3 Brian Dumoulin Travis Sanheim 30 1 2 2
4 Mattias Ekholm Erik Karlsson 0 1 2 2
PowerPlay Forward
Center Left Wing Right Wing Time % Phy DF OF
1 Leon Draisaitl Pavel Buchnevich Sam Reinhart 50 1 2 2
2 Phillip Danault Blake Coleman Mitchell Marner 50 1 2 2
PowerPlay Defense
Defense Defense Time % Phy DF OF
1 Mattias Ekholm Erik Karlsson 50 1 2 2
2 Erik Gudbranson Travis Sanheim 50 1 2 2
Penalty Kill 4 Players Forward
Center Wing Time % Phy DF OF
1 Leon Draisaitl Sam Reinhart 50 1 2 2
2 Mitchell Marner Pavel Buchnevich 50 1 2 2
Penalty Kill 4 Players Defense
Defense Defense Time % Phy DF OF
1 Mattias Ekholm Erik Karlsson 50 1 2 2
2 Erik Gudbranson Carson Soucy 50 1 2 2
Penalty Kill - 3 Players Forward
Forward Time % Phy DF OF
1 Leon Draisaitl 50 1 2 2
2 Sam Reinhart 50 1 2 2
Penalty Kill - 3 Players Defense
Defense Defense Time % Phy DF OF
1 Mattias Ekholm Erik Karlsson 50 1 2 2
2 Erik Gudbranson Travis Sanheim 50 1 2 2
4 vs 4 Forward
Center Wing Time % Phy DF OF
1 Leon Draisaitl Sam Reinhart 50 1 2 2
2 Mitchell Marner Pavel Buchnevich 50 1 2 2
4 vs 4 Defense
Defense Defense Time % Phy DF OF
1 Mattias Ekholm Erik Karlsson 50 1 2 2
2 Erik Gudbranson Brian Dumoulin 50 1 2 2
Last Minutes Offensive
Center Left Wing Right Wing Defense Defense
Leon Draisaitl Pavel Buchnevich Sam Reinhart Mattias Ekholm Erik Karlsson
Last Minutes Defensive
Center Left Wing Right Wing Defense Defense
Leon Draisaitl Pavel Buchnevich Sam Reinhart Mattias Ekholm Erik Karlsson
Goaltenders
Starting : Jordan Binnington
Backup : John Gibson
Extra Forwards
Normal : Leon Draisaitl, Jordan Eberle, Sam Reinhart - PP : Sam Reinhart, Jordan Eberle - PK : Leon Draisaitl
Extra Defensemen
Normal : Erik Karlsson, Mattias Ekholm, Erik Gudbranson - PP : Mattias Ekholm - PK : Erik Karlsson, Erik Gudbranson
Penalty Shots
Leon Draisaitl, Sam Reinhart, Mitchell Marner, Pavel Buchnevich, Blake Coleman
Scratches
None
Nashville Predators
5 vs 5 Forward
Center Left Wing Right Wing Time % Phy DF OF
1 Sidney Crosby Alexander Wennberg Ryan Hartman 37 0 2 3
2 Christian Dvorak Pius Suter Jake Neighbours 33 0 2 3
3 Thomas Novak Anthony Duclair James van Riemsdyk 25 0 2 3
4 Dmitri Voronkov Kailer Yamamoto Kirby Dach 5 0 3 2
5 vs 5 Defense
Defense Defense Time % Phy DF OF
1 Artem Zub Brandon Montour 40 1 2 2
2 Simon Benoit Dante Fabbro 36 1 4 0
3 Ben Chiarot Rasmus Andersson 24 0 5 0
4 Artem Zub Ben Chiarot 0 1 3 1
PowerPlay Forward
Center Left Wing Right Wing Time % Phy DF OF
1 Sidney Crosby Pius Suter Jake Neighbours 50 1 1 3
2 Alexander Wennberg Anthony Duclair Dmitri Voronkov 50 1 1 3
PowerPlay Defense
Defense Defense Time % Phy DF OF
1 Brandon Montour Rasmus Andersson 50 1 1 3
2 Artem Zub Dante Fabbro 50 2 2 1
Penalty Kill 4 Players Forward
Center Wing Time % Phy DF OF
1 Sidney Crosby Alexander Wennberg 65 1 2 2
2 Christian Dvorak Pius Suter 35 1 2 2
Penalty Kill 4 Players Defense
Defense Defense Time % Phy DF OF
1 Artem Zub Simon Benoit 60 2 3 0
2 Dante Fabbro Rasmus Andersson 40 1 3 1
Penalty Kill - 3 Players Forward
Forward Time % Phy DF OF
1 Sidney Crosby 50 1 2 2
2 Christian Dvorak 50 1 2 2
Penalty Kill - 3 Players Defense
Defense Defense Time % Phy DF OF
1 Artem Zub Dante Fabbro 50 1 2 2
2 Simon Benoit Rasmus Andersson 50 1 2 2
4 vs 4 Forward
Center Wing Time % Phy DF OF
1 Sidney Crosby Alexander Wennberg 50 1 2 2
2 Christian Dvorak Pius Suter 50 1 2 2
4 vs 4 Defense
Defense Defense Time % Phy DF OF
1 Brandon Montour Simon Benoit 60 2 2 1
2 Rasmus Andersson Artem Zub 40 2 2 1
Last Minutes Offensive
Center Left Wing Right Wing Defense Defense
Sidney Crosby Pius Suter Dmitri Voronkov Rasmus Andersson Brandon Montour
Last Minutes Defensive
Center Left Wing Right Wing Defense Defense
Sidney Crosby Alexander Wennberg Pius Suter Artem Zub Simon Benoit
Goaltenders
Starting : Anthony Stolarz
Backup : Thatcher Demko
Extra Forwards
Normal : Sidney Crosby, Alexander Wennberg, Pius Suter - PP : Jake Neighbours, Thomas Novak - PK : James van Riemsdyk
Extra Defensemen
Normal : Rasmus Andersson, Brandon Montour, Dante Fabbro - PP : Rasmus Andersson - PK : Ben Chiarot, Artem Zub
Penalty Shots
James van Riemsdyk, Sidney Crosby, Thomas Novak, Ryan Hartman, Alexander Wennberg
Scratches
Victor Olofsson (Healthy), Marc-Andre Fleury (Healthy), Mads Sogaard (Healthy), Samuel Ersson (Healthy)
% Time on Ice - Pittsburgh Penguins
Lines # - Real PCT - Wanted PCT - Time Play
Normal Forward
1 - 29% - 30% - 12:24
2 - 30% - 30% - 12:52
3 - 25% - 25% - 10:33
4 - 16% - 15% - 6:49
Normal Defense
1 - 34% - 35% - 14:39
2 - 34% - 35% - 14:38
3 - 31% - 30% - 13:21
4 - 0% - 0% - 0:00
PP Forward
1 - 51% - 50% - 2:47
2 - 49% - 50% - 2:41
PP Defense
1 - 49% - 50% - 2:42
2 - 51% - 50% - 2:46
PK Forward
1 - 47% - 50% - 5:36
2 - 53% - 50% - 6:12
PK Defense
1 - 51% - 50% - 5:59
2 - 49% - 50% - 5:49
PK3 Forward
1 - 0% - 50%
2 - 0% - 50%
PK3 Defense
1 - 0% - 50%
2 - 0% - 50%
44 Forward
1 - 46% - 50% - 0:30
2 - 54% - 50% - 0:35
44 Defense
1 - 63% - 50% - 0:41
2 - 37% - 50% - 0:24
Last Minute Offensive - 0:00
Last Minute Defensive - 0:00
Total
Forward - 60:59
Defense - 60:59
|
% Time on Ice - Nashville Predators
Lines # - Real PCT - Wanted PCT - Time Play
Normal Forward
1 - 36% - 37% - 15:15
2 - 33% - 33% - 14:00
3 - 18% - 25% - 7:53
4 - 13% - 5% - 5:30
Normal Defense
1 - 37% - 40% - 15:39
2 - 36% - 36% - 15:15
3 - 26% - 24% - 11:04
4 - 2% - 0% - 0:40
PP Forward
1 - 50% - 50% - 5:53
2 - 50% - 50% - 5:55
PP Defense
1 - 49% - 50% - 5:45
2 - 51% - 50% - 6:03
PK Forward
1 - 94% - 65% - 5:07
2 - 6% - 35% - 0:21
PK Defense
1 - 76% - 60% - 4:09
2 - 24% - 40% - 1:19
PK3 Forward
1 - 0% - 50%
2 - 0% - 50%
PK3 Defense
1 - 0% - 50%
2 - 0% - 50%
44 Forward
1 - 48% - 50% - 0:31
2 - 52% - 50% - 0:34
44 Defense
1 - 74% - 60% - 0:48
2 - 26% - 40% - 0:17
Last Minute Offensive - 0:00
Last Minute Defensive - 0:00
Total
Forward - 60:59
Defense - 60:59
|
Play-by-Play
1st period
0:01 of 1st period - Sidney Crosby wins face-off versus Pavel Buchnevich in neutral zone.
0:04 of 1st period - Wrist shot by Ryan Hartman.
0:04 of 1st period - Stopped by Jordan Binnington with a rebound.
0:34 of 1st period - Slapshot by Mitchell Marner.
0:34 of 1st period - Shot Misses the Net.
0:54 of 1st period - Snap shot by Tage Thompson.
0:54 of 1st period - Shot Misses the Net.
1:00 of 1st period - Wrist shot by Tage Thompson.
1:00 of 1st period - Stopped by Anthony Stolarz with a rebound.
1:02 of 1st period - Wrist shot by Travis Sanheim.
1:02 of 1st period - Shot Misses the Net.
1:16 of 1st period - Dmitri Voronkov is hit by Gabriel Vilardi and loses puck.
1:42 of 1st period - Minor Penalty to Ryan Hartman for Slashing.
1:43 of 1st period - Sidney Crosby wins face-off versus Pavel Buchnevich in Nashville Predators zone.
2:18 of 1st period - Snap shot by Blake Coleman.
2:18 of 1st period - Stopped by Anthony Stolarz without a rebound.
2:19 of 1st period - Phillip Danault wins face-off versus Christian Dvorak in Nashville Predators zone.
2:30 of 1st period - Snap shot by Mitchell Marner.
2:30 of 1st period - Stopped by Anthony Stolarz without a rebound.
2:31 of 1st period - Leon Draisaitl wins face-off versus Sidney Crosby in Nashville Predators zone.
2:36 of 1st period - Wrist shot by Pavel Buchnevich.
2:36 of 1st period - Deflect By Leon Draisaitl.
2:36 of 1st period - Goal by Leon Draisaitl - Pittsburgh Penguins : 1 - Nashville Predators : 0.
2:37 of 1st period - Mitchell Marner wins face-off versus Christian Dvorak in neutral zone.
2:54 of 1st period - Backhand shot by Blake Coleman.
2:54 of 1st period - Stopped by Anthony Stolarz with a rebound.
3:29 of 1st period - Slapshot by Sidney Crosby.
3:29 of 1st period - Stopped by Jordan Binnington with a rebound.
3:31 of 1st period - Slapshot by Ben Chiarot.
3:31 of 1st period - Shot Blocked by Brian Dumoulin.
4:14 of 1st period - Kailer Yamamoto is hit by Phillip Danault and loses puck.
4:38 of 1st period - Minor Penalty to Erik Karlsson for Tripping.
4:39 of 1st period - Leon Draisaitl wins face-off versus Jake Neighbours in Pittsburgh Penguins zone.
6:38 of 1st period - Penalty to Erik Karlsson is over, Erik Karlsson is back on ice.
6:51 of 1st period - Slapshot by Christian Dvorak.
6:51 of 1st period - Stopped by Jordan Binnington with a rebound.
6:53 of 1st period - Wrist shot by Kirby Dach.
6:53 of 1st period - Stopped by Jordan Binnington with a rebound.
6:55 of 1st period - Slapshot by Simon Benoit.
6:55 of 1st period - Deflect By Christian Dvorak.
6:55 of 1st period - Shot Misses the Net.
6:55 of 1st period - Puck is out of play.
6:56 of 1st period - Gabriel Vilardi wins face-off versus Thomas Novak in Pittsburgh Penguins zone.
7:14 of 1st period - Artem Zub is hit by Tage Thompson and loses puck.
7:47 of 1st period - Snap shot by Alexander Wennberg.
7:47 of 1st period - Shot Misses the Net.
8:03 of 1st period - Jake Neighbours is hit by Blake Coleman and loses puck.
8:10 of 1st period - Snap shot by Mitchell Marner.
8:10 of 1st period - Deflect By Jake Neighbours.
8:10 of 1st period - Stopped by Anthony Stolarz with a rebound.
8:37 of 1st period - Icing by Pavel Buchnevich.
8:38 of 1st period - Leon Draisaitl wins face-off versus Sidney Crosby in Pittsburgh Penguins zone.
9:31 of 1st period - Snap shot by Thomas Novak.
9:31 of 1st period - Goal by Thomas Novak - Pittsburgh Penguins : 1 - Nashville Predators : 1.
9:32 of 1st period - Phillip Danault wins face-off versus Sidney Crosby in neutral zone.
9:45 of 1st period - Slapshot by Ryan Hartman.
9:45 of 1st period - Stopped by Jordan Binnington without a rebound.
9:46 of 1st period - Sidney Crosby wins face-off versus Leon Draisaitl in Pittsburgh Penguins zone.
9:53 of 1st period - Icing by Erik Karlsson.
9:54 of 1st period - Leon Draisaitl wins face-off versus Sidney Crosby in Pittsburgh Penguins zone.
10:09 of 1st period - Snap shot by Sam Reinhart.
10:09 of 1st period - Shot Misses the Net.
10:11 of 1st period - Snap shot by Leon Draisaitl.
10:11 of 1st period - Shot Blocked by Sidney Crosby.
10:13 of 1st period - Snap shot by Pavel Buchnevich.
10:13 of 1st period - Stopped by Anthony Stolarz with a rebound.
10:22 of 1st period - Minor Penalty to Artem Zub for Cross-checking.
10:23 of 1st period - Phillip Danault wins face-off versus Sidney Crosby in Nashville Predators zone.
10:55 of 1st period - Wrist shot by Leon Draisaitl.
10:55 of 1st period - Stopped by Anthony Stolarz with a rebound.
10:57 of 1st period - Wrist shot by Leon Draisaitl.
10:57 of 1st period - Deflect By Sam Reinhart.
10:57 of 1st period - Shot Blocked by Alexander Wennberg.
10:57 of 1st period - Puck is out of play.
10:58 of 1st period - Phillip Danault wins face-off versus Sidney Crosby in Nashville Predators zone.
10:59 of 1st period - Snap shot by Mitchell Marner.
10:59 of 1st period - Shot Misses the Net.
11:01 of 1st period - Wrist shot by Mitchell Marner.
11:01 of 1st period - Goal by Mitchell Marner - Pittsburgh Penguins : 2 - Nashville Predators : 1.
11:02 of 1st period - Phillip Danault wins face-off versus Jake Neighbours in neutral zone.
11:18 of 1st period - Backhand shot by Jake Neighbours.
11:18 of 1st period - Stopped by Jordan Binnington with a rebound.
11:29 of 1st period - Off-side.
11:30 of 1st period - Thomas Novak wins face-off versus Adam Gaudette in neutral zone.
11:39 of 1st period - Snap shot by Tage Thompson.
11:39 of 1st period - Stopped by Anthony Stolarz without a rebound.
11:40 of 1st period - Sidney Crosby wins face-off versus Phillip Danault in Nashville Predators zone.
11:52 of 1st period - Off-side.
11:53 of 1st period - Christian Dvorak wins face-off versus Leon Draisaitl in neutral zone.
12:09 of 1st period - Minor Penalty to Leon Draisaitl for Tripping.
12:10 of 1st period - Mitchell Marner wins face-off versus Alexander Wennberg in Pittsburgh Penguins zone.
12:18 of 1st period - Snap shot by Alexander Wennberg.
12:18 of 1st period - Shot Blocked by Carson Soucy.
13:28 of 1st period - Erik Karlsson is hit by Dante Fabbro and loses puck.
14:09 of 1st period - Penalty to Leon Draisaitl is over, Leon Draisaitl is back on ice.
14:26 of 1st period - Snap shot by Gabriel Vilardi.
14:26 of 1st period - Stopped by Anthony Stolarz without a rebound.
14:27 of 1st period - Dmitri Voronkov wins face-off versus Gabriel Vilardi in Nashville Predators zone.
14:32 of 1st period - Kailer Yamamoto is hit by Jean-Gabriel Pageau and loses puck.
14:57 of 1st period - Snap shot by Jake Neighbours.
14:57 of 1st period - Stopped by Jordan Binnington without a rebound.
14:58 of 1st period - Phillip Danault wins face-off versus Christian Dvorak in Pittsburgh Penguins zone.
15:00 of 1st period - Minor Penalty to Blake Coleman for Kneeing.
15:01 of 1st period - Sidney Crosby wins face-off versus Mitchell Marner in Pittsburgh Penguins zone.
15:11 of 1st period - Mitchell Marner is hit by Sidney Crosby and loses puck.
16:03 of 1st period - Icing by Dmitri Voronkov.
16:04 of 1st period - Alexander Wennberg wins face-off versus Mitchell Marner in Nashville Predators zone.
17:00 of 1st period - Penalty to Blake Coleman is over, Blake Coleman is back on ice.
17:19 of 1st period - Wrist shot by Jordan Eberle.
17:19 of 1st period - Shot Blocked by Dante Fabbro.
17:31 of 1st period - Snap shot by Dmitri Voronkov.
17:31 of 1st period - Shot Misses the Net.
17:33 of 1st period - Slapshot by Dante Fabbro.
17:33 of 1st period - Shot Misses the Net.
17:47 of 1st period - Alexander Wennberg is hit by Mitchell Marner.
18:01 of 1st period - Snap shot by Pius Suter.
18:01 of 1st period - Goal by Pius Suter - Pittsburgh Penguins : 2 - Nashville Predators : 2.
18:02 of 1st period - Sidney Crosby wins face-off versus Leon Draisaitl in neutral zone.
18:07 of 1st period - Slapshot by Brandon Montour.
18:07 of 1st period - Stopped by Jordan Binnington without a rebound.
18:08 of 1st period - Sidney Crosby wins face-off versus Leon Draisaitl in Pittsburgh Penguins zone.
18:09 of 1st period - Slapshot by Ryan Hartman.
18:09 of 1st period - Shot Misses the Net.
18:11 of 1st period - Snap shot by Alexander Wennberg.
18:11 of 1st period - Stopped by Jordan Binnington with a rebound.
19:03 of 1st period - Snap shot by Mattias Ekholm.
19:03 of 1st period - Shot Blocked by James van Riemsdyk.
19:05 of 1st period - Snap shot by Jordan Eberle.
19:05 of 1st period - Shot Misses the Net.
19:07 of 1st period - Slapshot by Mattias Ekholm.
19:07 of 1st period - Deflect By Adam Gaudette.
19:07 of 1st period - Stopped by Anthony Stolarz without a rebound.
19:08 of 1st period - Sidney Crosby wins face-off versus Leon Draisaitl in Nashville Predators zone.
19:19 of 1st period - Ryan Hartman is hit by Erik Gudbranson.
Goals for this period are 2 for Pittsburgh Penguins vs 2 for Nashville Predators.
Shots for this period are 12 for Pittsburgh Penguins vs 11 for Nashville Predators.
2nd period
0:01 of 2nd period - Leon Draisaitl wins face-off versus Sidney Crosby in neutral zone.
0:11 of 2nd period - Wrist shot by Sidney Crosby.
0:11 of 2nd period - Stopped by Jordan Binnington with a rebound.
0:13 of 2nd period - Slapshot by Brandon Montour.
0:13 of 2nd period - Shot Misses the Net.
0:15 of 2nd period - Wrist shot by Ryan Hartman.
0:15 of 2nd period - Shot Misses the Net.
0:29 of 2nd period - Slapshot by Mattias Ekholm.
0:29 of 2nd period - Deflect By Tage Thompson.
0:29 of 2nd period - Shot Misses the Net.
0:29 of 2nd period - Puck is out of play.
0:30 of 2nd period - Adam Gaudette wins face-off versus Pius Suter in Nashville Predators zone.
0:44 of 2nd period - Off-side.
0:45 of 2nd period - Phillip Danault wins face-off versus Sidney Crosby in neutral zone.
1:07 of 2nd period - Minor Penalty to Mitchell Marner for Slashing.
1:08 of 2nd period - Alexander Wennberg wins face-off versus Leon Draisaitl in Pittsburgh Penguins zone.
1:23 of 2nd period - Snap shot by Anthony Duclair.
1:23 of 2nd period - Shot Misses the Net.
2:15 of 2nd period - Artem Zub is hit by Sam Reinhart and loses puck.
2:32 of 2nd period - Adam Gaudette is hit by Sidney Crosby and loses puck.
3:07 of 2nd period - Penalty to Mitchell Marner is over, Mitchell Marner is back on ice.
3:15 of 2nd period - Blake Coleman is hit by Rasmus Andersson and loses puck.
3:22 of 2nd period - Snap shot by Christian Dvorak.
3:22 of 2nd period - Goal by Christian Dvorak - Pittsburgh Penguins : 2 - Nashville Predators : 3.
3:23 of 2nd period - Sidney Crosby wins face-off versus Phillip Danault in neutral zone.
3:32 of 2nd period - Snap shot by Sidney Crosby.
3:32 of 2nd period - Shot Misses the Net.
3:34 of 2nd period - Snap shot by Sidney Crosby.
3:34 of 2nd period - Stopped by Jordan Binnington with a rebound.
3:48 of 2nd period - Brandon Montour is hit by Leon Draisaitl and loses puck.
4:30 of 2nd period - Carson Soucy is hit by Alexander Wennberg and loses puck.
4:56 of 2nd period - Leon Draisaitl is hit by Rasmus Andersson and loses puck.
5:11 of 2nd period - Mitchell Marner is hit by Pius Suter.
5:45 of 2nd period - Brandon Montour is hit by Blake Coleman and loses puck.
5:52 of 2nd period - Slapshot by Phillip Danault.
5:52 of 2nd period - Shot Misses the Net.
6:02 of 2nd period - Snap shot by Phillip Danault.
6:02 of 2nd period - Stopped by Anthony Stolarz with a rebound.
6:15 of 2nd period - Off-side.
6:16 of 2nd period - Christian Dvorak wins face-off versus Leon Draisaitl in neutral zone.
6:43 of 2nd period - Snap shot by Anthony Duclair.
6:43 of 2nd period - Stopped by Jordan Binnington without a rebound.
6:44 of 2nd period - Adam Gaudette wins face-off versus Thomas Novak in Pittsburgh Penguins zone.
6:46 of 2nd period - Icing by Tage Thompson.
6:47 of 2nd period - Thomas Novak wins face-off versus Adam Gaudette in Pittsburgh Penguins zone.
6:50 of 2nd period - Snap shot by James van Riemsdyk.
6:50 of 2nd period - Shot Misses the Net.
7:24 of 2nd period - Wrist shot by Pavel Buchnevich.
7:24 of 2nd period - Stopped by Anthony Stolarz with a rebound.
8:02 of 2nd period - Slapshot by Dmitri Voronkov.
8:02 of 2nd period - Shot Misses the Net.
8:16 of 2nd period - Minor Penalty to Dante Fabbro for Hooking.
8:17 of 2nd period - Pavel Buchnevich wins face-off versus Alexander Wennberg in Nashville Predators zone.
8:18 of 2nd period - Slapshot by Leon Draisaitl.
8:18 of 2nd period - Stopped by Anthony Stolarz with a rebound.
8:20 of 2nd period - Backhand shot by Pavel Buchnevich.
8:20 of 2nd period - Shot Misses the Net.
8:30 of 2nd period - Wrist shot by Sam Reinhart.
8:30 of 2nd period - Shot Misses the Net.
8:32 of 2nd period - Snap shot by Sam Reinhart.
8:32 of 2nd period - Shot Misses the Net.
8:34 of 2nd period - Snap shot by Sam Reinhart.
8:34 of 2nd period - Goal by Sam Reinhart - Pittsburgh Penguins : 3 - Nashville Predators : 3.
8:35 of 2nd period - Christian Dvorak wins face-off versus Adam Gaudette in neutral zone.
8:37 of 2nd period - Brandon Montour is hit by Mattias Ekholm and loses puck.
8:50 of 2nd period - Slapshot by Brandon Montour.
8:50 of 2nd period - Stopped by Jordan Binnington with a rebound.
9:16 of 2nd period - Wrist shot by Mitchell Marner.
9:16 of 2nd period - Shot Misses the Net.
9:23 of 2nd period - Icing by Jake Neighbours.
9:24 of 2nd period - Leon Draisaitl wins face-off versus Sidney Crosby in Nashville Predators zone.
9:25 of 2nd period - Wrist shot by Sam Reinhart.
9:25 of 2nd period - Stopped by Anthony Stolarz with a rebound.
9:27 of 2nd period - Wrist shot by Pavel Buchnevich.
9:27 of 2nd period - Shot Blocked by Brandon Montour.
9:37 of 2nd period - Slapshot by Sidney Crosby.
9:37 of 2nd period - Shot Misses the Net.
11:43 of 2nd period - Minor Penalty to Travis Sanheim for Tripping.
11:44 of 2nd period - Alexander Wennberg wins face-off versus Leon Draisaitl in Pittsburgh Penguins zone.
12:32 of 2nd period - Wrist shot by Pius Suter.
12:32 of 2nd period - Stopped by Jordan Binnington with a rebound.
12:34 of 2nd period - Wrist shot by Sidney Crosby.
12:34 of 2nd period - Deflect By Pius Suter.
12:34 of 2nd period - Stopped by Jordan Binnington without a rebound.
12:35 of 2nd period - Alexander Wennberg wins face-off versus Mitchell Marner in Pittsburgh Penguins zone.
12:50 of 2nd period - Snap shot by Alexander Wennberg.
12:50 of 2nd period - Shot Hit the Post.
13:00 of 2nd period - Sidney Crosby is hit by Sam Reinhart and loses puck.
13:07 of 2nd period - Slapshot by Sam Reinhart.
13:07 of 2nd period - Shot Blocked by Anthony Duclair.
13:21 of 2nd period - Icing by Dante Fabbro.
13:22 of 2nd period - Dmitri Voronkov wins face-off versus Mitchell Marner in Nashville Predators zone.
13:38 of 2nd period - Dante Fabbro is hit by Sam Reinhart and loses puck.
13:43 of 2nd period - Penalty to Travis Sanheim is over, Travis Sanheim is back on ice.
14:41 of 2nd period - Mattias Ekholm is hit by Rasmus Andersson and loses puck.
14:51 of 2nd period - Icing by Alexander Wennberg.
14:52 of 2nd period - Alexander Wennberg wins face-off versus Gabriel Vilardi in Nashville Predators zone.
15:24 of 2nd period - Wrist shot by James van Riemsdyk.
15:24 of 2nd period - Goal by James van Riemsdyk - Pittsburgh Penguins : 3 - Nashville Predators : 4.
15:25 of 2nd period - Sidney Crosby wins face-off versus Leon Draisaitl in neutral zone.
15:40 of 2nd period - Slapshot by Sidney Crosby.
15:40 of 2nd period - Shot Misses the Net.
15:42 of 2nd period - Wrist shot by Alexander Wennberg.
15:42 of 2nd period - Stopped by Jordan Binnington with a rebound.
15:52 of 2nd period - Pius Suter is hit by Mattias Ekholm and loses puck.
15:57 of 2nd period - Wrist shot by Jordan Eberle.
15:57 of 2nd period - Shot Misses the Net.
16:48 of 2nd period - Snap shot by Mitchell Marner.
16:48 of 2nd period - Shot Misses the Net.
16:50 of 2nd period - Wrist shot by Mitchell Marner.
16:50 of 2nd period - Stopped by Anthony Stolarz with a rebound.
16:56 of 2nd period - Snap shot by Mitchell Marner.
16:56 of 2nd period - Deflect By Phillip Danault.
16:56 of 2nd period - Stopped by Anthony Stolarz with a rebound.
17:21 of 2nd period - Snap shot by Ryan Hartman.
17:21 of 2nd period - Stopped by Jordan Binnington with a rebound.
17:25 of 2nd period - Snap shot by Sidney Crosby.
17:25 of 2nd period - Stopped by Jordan Binnington without a rebound.
17:26 of 2nd period - Leon Draisaitl wins face-off versus Christian Dvorak in Pittsburgh Penguins zone.
17:34 of 2nd period - Off-side.
17:35 of 2nd period - Leon Draisaitl wins face-off versus Christian Dvorak in neutral zone.
17:38 of 2nd period - Jake Neighbours is hit by Sam Reinhart.
17:44 of 2nd period - Slapshot by Leon Draisaitl.
17:44 of 2nd period - Shot Blocked by Dante Fabbro.
17:46 of 2nd period - Slapshot by Carson Soucy.
17:46 of 2nd period - Deflect By Pavel Buchnevich.
17:46 of 2nd period - Stopped by Anthony Stolarz without a rebound.
17:47 of 2nd period - Christian Dvorak wins face-off versus Adam Gaudette in Nashville Predators zone.
18:00 of 2nd period - Adam Gaudette is hit by Simon Benoit and loses puck.
18:13 of 2nd period - Erik Karlsson is hit by James van Riemsdyk.
18:41 of 2nd period - Ryan O'Reilly is hit by Alexander Wennberg and loses puck.
19:04 of 2nd period - Rasmus Andersson is hit by Jordan Eberle and loses puck.
19:23 of 2nd period - Snap shot by Jake Neighbours.
19:23 of 2nd period - Shot Misses the Net.
19:25 of 2nd period - Wrist shot by Christian Dvorak.
19:25 of 2nd period - Deflect By Pius Suter.
19:25 of 2nd period - Shot Blocked by Travis Sanheim.
19:25 of 2nd period - Puck is out of play.
19:26 of 2nd period - Leon Draisaitl wins face-off versus Alexander Wennberg in Pittsburgh Penguins zone.
Goals for this period are 1 for Pittsburgh Penguins vs 2 for Nashville Predators.
Shots for this period are 8 for Pittsburgh Penguins vs 11 for Nashville Predators.
3rd period
0:01 of 3rd period - Alexander Wennberg wins face-off versus Leon Draisaitl in neutral zone.
0:26 of 3rd period - Thomas Novak is hit by Adam Gaudette and loses puck.
0:57 of 3rd period - Backhand shot by Pius Suter.
0:57 of 3rd period - Shot Misses the Net.
0:59 of 3rd period - Wrist shot by Pius Suter.
0:59 of 3rd period - Shot Blocked by Carson Soucy.
1:13 of 3rd period - Snap shot by Sidney Crosby.
1:13 of 3rd period - Stopped by Jordan Binnington with a rebound.
1:15 of 3rd period - Snap shot by Sidney Crosby.
1:15 of 3rd period - Shot Hit the Post.
1:17 of 3rd period - Snap shot by Ryan Hartman.
1:17 of 3rd period - Deflect By Sidney Crosby.
1:17 of 3rd period - Shot Misses the Net.
1:17 of 3rd period - Puck is out of play.
1:18 of 3rd period - Leon Draisaitl wins face-off versus Christian Dvorak in Pittsburgh Penguins zone.
1:18 of 3rd period - Leon Draisaitl is hit by Jake Neighbours.
1:30 of 3rd period - Snap shot by Pius Suter.
1:30 of 3rd period - Stopped by Jordan Binnington with a rebound.
1:32 of 3rd period - Wrist shot by Jake Neighbours.
1:32 of 3rd period - Stopped by Jordan Binnington with a rebound.
1:34 of 3rd period - Snap shot by Jake Neighbours.
1:34 of 3rd period - Stopped by Jordan Binnington with a rebound.
1:44 of 3rd period - Ryan Hartman is hit by Tage Thompson.
2:37 of 3rd period - Wrist shot by Ryan O'Reilly.
2:37 of 3rd period - Stopped by Anthony Stolarz with a rebound.
2:39 of 3rd period - Minor Penalty to Dante Fabbro for High sticking.
2:40 of 3rd period - Sidney Crosby wins face-off versus Phillip Danault in Nashville Predators zone.
2:45 of 3rd period - Snap shot by Sidney Crosby.
2:45 of 3rd period - Stopped by Jordan Binnington without a rebound.
2:46 of 3rd period - Phillip Danault wins face-off versus Sidney Crosby in Pittsburgh Penguins zone.
3:12 of 3rd period - Slapshot by Blake Coleman.
3:12 of 3rd period - Shot Blocked by Artem Zub.
3:30 of 3rd period - Snap shot by Blake Coleman.
3:30 of 3rd period - Deflect By Alexander Wennberg.
3:30 of 3rd period - Shot Blocked by Alexander Wennberg.
3:30 of 3rd period - Puck is out of play.
3:31 of 3rd period - Leon Draisaitl wins face-off versus Sidney Crosby in Nashville Predators zone.
4:23 of 3rd period - Wrist shot by Sam Reinhart.
4:23 of 3rd period - Deflect By Leon Draisaitl.
4:23 of 3rd period - Goal by Leon Draisaitl - Pittsburgh Penguins : 4 - Nashville Predators : 4.
4:24 of 3rd period - Thomas Novak wins face-off versus Adam Gaudette in neutral zone.
4:29 of 3rd period - Travis Sanheim is hit by Ben Chiarot and loses puck.
4:54 of 3rd period - Snap shot by Travis Sanheim.
4:54 of 3rd period - Shot Blocked by Rasmus Andersson.
5:14 of 3rd period - Artem Zub is hit by Ryan O'Reilly and loses puck.
6:18 of 3rd period - Sidney Crosby is hit by Carson Soucy and loses puck.
6:45 of 3rd period - Wrist shot by Pavel Buchnevich.
6:45 of 3rd period - Shot Blocked by Sidney Crosby.
6:55 of 3rd period - Wrist shot by Ryan Hartman.
6:55 of 3rd period - Stopped by Jordan Binnington without a rebound.
6:56 of 3rd period - Phillip Danault wins face-off versus Christian Dvorak in Pittsburgh Penguins zone.
7:25 of 3rd period - Brandon Montour is hit by Travis Sanheim and loses puck.
7:58 of 3rd period - Wrist shot by Tage Thompson.
7:58 of 3rd period - Stopped by Anthony Stolarz without a rebound.
7:59 of 3rd period - Leon Draisaitl wins face-off versus Ryan Hartman in Nashville Predators zone.
8:02 of 3rd period - Wrist shot by Sam Reinhart.
8:02 of 3rd period - Stopped by Anthony Stolarz without a rebound.
8:03 of 3rd period - Leon Draisaitl wins face-off versus Sidney Crosby in Nashville Predators zone.
8:06 of 3rd period - Wrist shot by Sam Reinhart.
8:06 of 3rd period - Shot Misses the Net.
8:20 of 3rd period - Snap shot by Sidney Crosby.
8:20 of 3rd period - Stopped by Jordan Binnington with a rebound.
8:29 of 3rd period - Icing by Tage Thompson.
8:30 of 3rd period - Adam Gaudette wins face-off versus Christian Dvorak in Pittsburgh Penguins zone.
9:40 of 3rd period - Wrist shot by Gabriel Vilardi.
9:40 of 3rd period - Stopped by Anthony Stolarz without a rebound.
9:41 of 3rd period - Dmitri Voronkov wins face-off versus Gabriel Vilardi in Nashville Predators zone.
9:46 of 3rd period - Wrist shot by Ryan O'Reilly.
9:46 of 3rd period - Shot Misses the Net.
9:48 of 3rd period - Wrist shot by Ryan O'Reilly.
9:48 of 3rd period - Stopped by Anthony Stolarz without a rebound.
9:49 of 3rd period - Christian Dvorak wins face-off versus Leon Draisaitl in Nashville Predators zone.
9:58 of 3rd period - Wrist shot by Pius Suter.
9:58 of 3rd period - Stopped by Jordan Binnington with a rebound.
10:04 of 3rd period - Snap shot by Pavel Buchnevich.
10:04 of 3rd period - Shot Misses the Net.
10:06 of 3rd period - Snap shot by Sam Reinhart.
10:06 of 3rd period - Shot Misses the Net.
11:21 of 3rd period - Off-side.
11:22 of 3rd period - Leon Draisaitl wins face-off versus Christian Dvorak in neutral zone.
11:24 of 3rd period - Off-side.
11:25 of 3rd period - Leon Draisaitl wins face-off versus Sidney Crosby in neutral zone.
11:45 of 3rd period - Minor Penalty to Ryan Hartman for Hooking.
11:46 of 3rd period - Blake Coleman wins face-off versus Sidney Crosby in Nashville Predators zone.
11:48 of 3rd period - Snap shot by Phillip Danault.
11:48 of 3rd period - Stopped by Anthony Stolarz with a rebound.
11:50 of 3rd period - Wrist shot by Erik Karlsson.
11:50 of 3rd period - Shot Misses the Net.
11:58 of 3rd period - Snap shot by Phillip Danault.
11:58 of 3rd period - Shot Blocked by Alexander Wennberg.
12:00 of 3rd period - Snap shot by Mitchell Marner.
12:00 of 3rd period - Stopped by Anthony Stolarz with a rebound.
12:02 of 3rd period - Snap shot by Mattias Ekholm.
12:02 of 3rd period - Shot Misses the Net.
12:20 of 3rd period - Wrist shot by Sam Reinhart.
12:20 of 3rd period - Shot Misses the Net.
12:22 of 3rd period - Wrist shot by Pavel Buchnevich.
12:22 of 3rd period - Shot Misses the Net.
13:38 of 3rd period - Minor Penalty to Blake Coleman for Tripping.
13:39 of 3rd period - Christian Dvorak wins face-off versus Mitchell Marner in Pittsburgh Penguins zone.
13:40 of 3rd period - Slapshot by Brandon Montour.
13:40 of 3rd period - Stopped by Jordan Binnington without a rebound.
13:41 of 3rd period - Mitchell Marner wins face-off versus Christian Dvorak in Pittsburgh Penguins zone.
13:45 of 3rd period - Penalty to Ryan Hartman is over, Ryan Hartman is back on ice.
13:54 of 3rd period - Wrist shot by Pavel Buchnevich.
13:54 of 3rd period - Stopped by Anthony Stolarz without a rebound.
13:55 of 3rd period - Leon Draisaitl wins face-off versus Alexander Wennberg in Nashville Predators zone.
14:08 of 3rd period - Carson Soucy is hit by Brandon Montour and loses puck.
14:40 of 3rd period - Dmitri Voronkov is hit by Carson Soucy.
15:38 of 3rd period - Penalty to Blake Coleman is over, Blake Coleman is back on ice.
17:07 of 3rd period - Erik Gudbranson is hit by Rasmus Andersson and loses puck.
17:34 of 3rd period - Snap shot by Jordan Eberle.
17:34 of 3rd period - Deflect By Tage Thompson.
17:34 of 3rd period - Stopped by Anthony Stolarz with a rebound.
17:56 of 3rd period - Simon Benoit is hit by Phillip Danault and loses puck.
18:09 of 3rd period - Artem Zub is hit by Ryan O'Reilly and loses puck.
18:40 of 3rd period - Snap shot by Jordan Eberle.
18:40 of 3rd period - Shot Blocked by Simon Benoit.
18:48 of 3rd period - Wrist shot by Jordan Eberle.
18:48 of 3rd period - Shot Blocked by Dante Fabbro.
18:50 of 3rd period - Snap shot by Tage Thompson.
18:50 of 3rd period - Stopped by Anthony Stolarz without a rebound.
18:51 of 3rd period - Sidney Crosby wins face-off versus Leon Draisaitl in Nashville Predators zone.
19:24 of 3rd period - Slapshot by Ryan O'Reilly.
19:24 of 3rd period - Stopped by Anthony Stolarz without a rebound.
19:25 of 3rd period - Pius Suter wins face-off versus Gabriel Vilardi in Nashville Predators zone.
Goals for this period are 1 for Pittsburgh Penguins vs 0 for Nashville Predators.
Shots for this period are 12 for Pittsburgh Penguins vs 9 for Nashville Predators.
Overtime #1
0:01 of 1st overtime period - Sidney Crosby wins face-off versus Leon Draisaitl in neutral zone.
0:14 of 1st overtime period - Wrist shot by Sidney Crosby.
0:14 of 1st overtime period - Stopped by Jordan Binnington without a rebound.
0:15 of 1st overtime period - Christian Dvorak wins face-off versus Mitchell Marner in Pittsburgh Penguins zone.
0:47 of 1st overtime period - Slapshot by Artem Zub.
0:47 of 1st overtime period - Deflect By Alexander Wennberg.
0:47 of 1st overtime period - Stopped by Jordan Binnington with a rebound.
0:49 of 1st overtime period - Slapshot by Sidney Crosby.
0:49 of 1st overtime period - Stopped by Jordan Binnington without a rebound.
0:50 of 1st overtime period - Christian Dvorak wins face-off versus Mitchell Marner in Pittsburgh Penguins zone.
0:59 of 1st overtime period - Slapshot by Pavel Buchnevich.
0:59 of 1st overtime period - Goal by Pavel Buchnevich - Pittsburgh Penguins : 5 - Nashville Predators : 4.
Goals for this period are 1 for Pittsburgh Penguins vs 0 for Nashville Predators.
Shots for this period are 1 for Pittsburgh Penguins vs 3 for Nashville Predators.
Back to the Top